 BcadrenCrawl: Boulder Brew version 0.04.2-19-ga012a504bd (webtiles) character file.

Game seed: 12886657633442275057, levelgen mode: deterministic

92185 st0uf the Brawler (level 15, -6/132 HPs) Purple Draconian Demonspawn. Began on May 23, 2021. Was the Champion of Okawaru. Killed by divine providence ... invoked by an orc priest (12 damage) ... on level 2 of the Orcish Mines. The game lasted 01:25:49 (14169 turns).

st0uf the Brawler (Purple Draconian Demonspawn)    Turns: 14169, Time: 01:25:50

Health: -6/132     AC: 19    Str: 19    XL:     15 ^: 21570
Magic:  27/29      EV: 24    Int: 15    God:    Okawaru [6* [198]]
Gold:   1401       SH:  0    Dex: 12    Spells: 23/34 levels left

rFire    + + .     Vision   +     - Unarmed
rCold    + . .     Gourm    .     - Unarmed
rNeg     + . .     Faith    .   (armour unavailable)
rPois    .         Spirit   .   K - +1 hat "Muingaorr" {rF+}
rElec    .         Reflect  .   O - +2 cloak "Vorur" {rC+ rN+}
rCorr    .         Harm     .   t - +2 pair of gloves "Suenotav" {+Vis}
MR       +++..                  (no boots)
Stlth    +++.......             I - amulet of the acrobat
HPRegen  1.54/turn              k - ring of evasion
MPRegen  0.39/turn              g - ring of fire

@: heroism
A: no body armour, unfitting armour, hooves 2, rugged brown scales 2, cold
resistance 1, powered by death 1, spiny 1, cold-blooded, freezing cloud
immunity, boosted slings aptitude, strongly boosted maces & staves aptitude,
boosted shields aptitude, hexes enhancer 2, MR++, AC +10
a: Breathe Dispelling Energy, Heroism, Finesse, Renounce Religion


You were on level 2 of the Orcish Mines.
You worshipped Okawaru.
Okawaru was exalted by your worship.
You were not hungry.

You visited 4 branches of the dungeon, and saw 17 of its levels.

You collected 1551 gold pieces.
You spent 150 gold pieces at shops.

Inventory:

Weapons
 w - a +2 cleaver of molten steel Shields
 S - a +2 buckler of poison resistance
Armour
 t - the +2 pair of gloves "Suenotav" (worn) {+Vis}
   (Okawaru gifted it to you on level 5 of the Dungeon)

   It improves your vision.
 H - a scarf of cloud immunity
 K - the +1 hat "Muingaorr" (worn) {rF+}
   (Okawaru gifted it to you on level 2 of the Lair of Beasts)

   It protects you from fire.
 M - a scarf of resistance
 O - the +2 cloak "Vorur" (worn) {rC+ rN+}
   (Okawaru gifted it to you on level 4 of the Lair of Beasts)

   It protects you from cold.
   It protects you from negative energy.
Magical Staves
 r - a +0 shielded staff of cold
Jewellery
 g - a ring of fire (right hand)
 k - a ring of evasion (left hand)
 y - a cursed amulet of regeneration {(Curse: Dex-4)}
 z - an uncursed ring of magical power
 I - an amulet of the acrobat (around neck)
 W - an uncursed ring of ice
 X - an uncursed ring of dexterity
 Y - an uncursed ring of poison resistance
Wands
 l - a wand of flame (39)
 v - a wand of disintegration (19)
 G - a wand of random effects (26)
 L - a wand of clouds (4)
 N - a wand of hasting (11)
 Q - a wand of acid (11)
 R - a wand of healing (3)
 U - a wand of polymorph (11)
 V - a wand of iceblast (1)
Scrolls
 a - 7 scrolls of enchantment
 c - 5 scrolls of magic mapping
 d - 5 scrolls of blinking
 f - 13 scrolls of teleportation
 h - 8 scrolls of immolation
 j - 8 scrolls of amnesia
 m - 7 scrolls of acquirement
 o - a scroll of summoning
 q - a scroll of silence
 B - 2 scrolls of fog
 J - 4 scrolls of fear
 T - a scroll of bless item
Potions
 e - 12 potions of curing
 i - 2 potions of resistance
 n - a potion of invisibility
 p - 6 potions of cancellation
 s - 2 potions of brilliance
 u - 5 potions of haste
 x - 5 potions of might
 A - 2 potions of ambrosia
 C - 5 potions of cure mutation
 D - 5 potions of mutation
 E - 4 potions of heal wounds
 F - 2 potions of lignification
 P - 3 potions of agility
 Z - a potion of berserk rage
Comestibles
 b - 42 rations


   Skills:
 + Level 10.2(15.2) Fighting
 + Level 7.0(12.0) Dodging
 - Level 2.0(7.0) Stealth
 * Level 4.8(9.8) Shields
 - Level 15.5(20.5) Unarmed Combat
 * Level 10.1 Spellcasting
 * Level 11.5 Hexes
 * Level 2.1 Transmutations
 - Level 1.5 Fire Magic
 - Level 4.0 Air Magic
 + Level 11.2 Invocations


You had 23 spell levels left.
You knew the following spells:

 Your Spells              Type           Power        Failure   Level  Hunger
a - Flame Tongue          Fire           18 (30)      4%          1    None
b - Slow                  Hex            76 (100)     1%          2    None
c - Silence               Hex/Air        62 (200)     11%         5    #####..
d - Snakes to Sticks      Hex/Tmut       59 (100)     1%          3    None

Your spell library contained the following spells:

 Spells                   Type           Power        Failure   Level  Hunger
 Shock                    Air            19 (25)      1%          1    None
 Static Discharge         Air            19 (100)     5%          3    None
 Swiftness                Chrm/Air       13 (100)     6%          2    None
 Corpse Rot               Tmut/Necr      N/A          10%         2    None
 Mephitic Cloud           Pois/Air       13 (100)     13%         3    None
 Blink                    Tloc           N/A          14%         2    None
 Call Imp                 Summ           7 (100)      14%         2    None
 Conjure Flame            Fire           18 (100)     16%         3    None
 Airstrike                Air            19 (200)     19%         4    ###....
 Lightning Bolt           Air            19 (200)     45%         5    #####..
 Summon Lightning Spire   Summ/Air       13 (100)     75%         5    #####..
 Conjure Ball Lightning   Air            19 (200)     96%         6    ######.
 Cigotuvi's Degeneration  Tmut/Necr      10 (200)     100%        6    ######.
 Deflect Missiles         Chrm/Air       13 (200)     100%        6    ######.
 Infestation              Tmut/Pois      10 (200)     100%        7    #######
 Tornado                  Air            19 (200)     100%        9    #######


Dungeon Overview and Level Annotations

Branches:
Dungeon (8/8)              Temple (1/1) D:4            Lair (6/6) D:5
 Shoals (0/4) Lair:2       Spider (0/4) Lair:2        Slime (0/5) Lair:6
    Orc (2/2) D:6          Vaults (0/5) D:7          Depths (0/5) D:8
    Elf: Orc:2

Altars:
Ashenzari Bahamut & Tiamat
Cheibriados
Dithmenos
Elyvilon
Fedhas Madash
Gozag Ym Sagoz
Hepliaklqana
Kikubaaqudgha
Makhleb
Nemelex Xobeh
Okawaru
Qazlal
Ru
Sif Muna
Trog
Uskayaw
Vehumet
Wu Jian
Xom
Yredelemnul
Zin
The Shining One
Beogh
Jiyva

Shops:
D:2 ?   D:3 ?   D:4 *   D:7 *}*   Orc:1 (   Orc:2 [


Innate Abilities, Weirdness & Mutations

You cannot fit into any form of body armour.
Your rich purple scales are resilient. (AC +10)
You can breathe bolts of dispelling energy.
You have hoof-like feet.
You are mostly covered in rugged brown scales. (AC +2, +5% HP)
You are cold resistant. (rC+)
You regenerate a little health from kills.
You are partially covered in sharp spines.
You are cold-blooded and may be slowed by cold attacks.
You are immune to freezing clouds.
You are naturally skilled at Slings (Aptitude +3).
You are naturally adept at Maces & Staves (Aptitude +5).
You are naturally skilled at Shields (Aptitude +3).
You are strongly in touch with the powers of hexes.
Your rich purple scales protect you from hostile magic. (MR++)


Message History

The orc priest looks braver for a moment.
The orc warrior is struck by your spines (2).
The orc warrior closely misses you (0).
The orc warrior hits you with a +0 broad axe (22)!!
* * * LOW HITPOINT WARNING * * *
Unknown command.
You punch the orc (12)!
You kill the orc!
The orc warrior hits you with a +0 mace (7)!
* * * LOW HITPOINT WARNING * * *
Unknown command.
You gain the combat prowess of a mighty hero.
The orc priest mumbles some strange prayers to Beogh against you.
You resist with almost no effort.
The orc priest mumbles some strange prayers to Beogh against you.
Beogh smites you!
* * * LOW HITPOINT WARNING * * *
The orc priest mumbles some strange prayers to Beogh against you.
Beogh smites you!
You die...

##### ##≈ #....# #≈≈
......# ##P .......##
## ..8.....## #
.......o)##
.........o##
........o..##
##...##@o.o.## ###
##)....# .###
#.....##.o. #....
##o)...#... ####. ####
#.....##..## #.
##...##......#...# +.
#.....##.........# ##
...8...##........# #.
.......8)..8...8.####.


You could see 2 orc warriors and 4 orc priests.

Vanquished Creatures
  Gastronok (Orc:1)
  Agnes (D:7)
  A tengu reaver (D:7)
  An orc warlord (Orc:2)
  Roxanne (D:8)
  3 fire dragons
  Harold (D:4)
  A rakshasa (D:7)
  4 boulder beetles
  2 catoblepae (Lair:6)
  A swooping magpie (Lair:6)
  An ogre mage (D:6)
  Sonja (D:7)
  4 orc high priests
  3 vault guards (D:7)
  A tengu warrior (D:6)
  6 two-headed ogres
  2 lindwurms (Lair:6)
  A phantasmal warrior (D:8)
  A deep elf archer (D:8)
  2 orc knights
  12 hydras
  A centaur warrior (D:7)
  2 skeletal warriors (D:8)
  4 deep elf magi
  3 rock worms (Lair:6)
  A necromancer (D:8)
  4 manticores
  An orb spider (Lair:2)
  An orc sorcerer (Orc:1)
  9 giraffes
  2 gargoyles
  5 black mambas
  2 ugly things
  Joseph (D:4)
  13 spiny frogs
  2 trolls
  2 yaktaurs
  9 elephants
  3 rime drakes (Lair:6)
  A shadow dragon zombie (D:8)
  An efreet (D:7)
  A wolf spider (D:7)
  10 komodo dragons
  6 hornets
  4 polar bears
  26 blink frogs
  A blink frog (shapeshifter) (D:8)
  Prince Ribbit (D:3)
  A vampire (D:6)
  9 dream sheep
  3 hippogriffs
  5 wyverns
  5 basilisks
  A storm dragon skeleton (D:8)
  15 yaks
  9 humans (D:7)
  2 acid dragons
  2 slime creatures
  4 vampire mosquitoes
  3 guardian mummies (D:5)
  A wolf spider zombie (D:7)
  3 wargs
  6 necrophages
  37 orc warriors
  2 soldier ants
  A phantom (D:4)
  4 scorpions
  8 porcupines
  30 water moccasins
  2 sky beasts
  An ice beast (D:7)
  A tengu skeleton (D:8)
  2 eyes of draining
  7 wolves
  13 ogres
  14 crocodiles
  12 bullfrogs
  Blork the orc (D:3)
  8 big kobolds
  A tengu zombie (D:8)
  3 centaurs
  7 harpy skeletons (D:7)
  A killer bee (D:6)
  3 howler monkeys
  A wight (D:6)
  2 quasits
  A hornet zombie (D:5)
  A harpy simulacrum (D:8)
  10 electric eels
  20 orc priests
  3 hounds
  5 jellies
  16 orc wizards
  A gnoll shaman (D:5)
  8 mummies (D:5)
  12 hell rats
  An iguana (D:5)
  A wyvern zombie (D:6)
  6 worker ants
  3 wyvern skeletons
  A water moccasin skeleton (D:5)
  6 giant cockroaches
  An iron imp (D:4)
  4 bullfrog zombies
  5 bullfrog skeletons
  14 adders
  5 gnolls (D:5)
  45 sewer rats (D:2)
  2 white imps (D:4)
  3 worms (D:2)
  10 cinder newts
  A hound zombie (D:5)
  A killer bee zombie (D:5)
  2 worker ant zombies (D:5)
  3 hound skeletons (D:5)
  2 oozes (D:2)
  A howler monkey skeleton (D:5)
  2 dart slugs (D:1)
  5 leopard geckos
  107 orcs
  5 adder skeletons
  2 adder zombies (D:5)
  5 ball pythons (D:2)
  9 bats
  3 goblins (D:1)
  7 hobgoblins (D:1)
  8 jackals
  14 kobolds
  5 quokkas
  3 bat skeletons (D:2)
  2 leopard gecko skeletons
  A quokka skeleton (D:5)
  4 rats
  A butterfly (D:6)
  A giant blowfly (D:4)
  3 withered plants (D:2)
778 creatures vanquished.

Vanquished Creatures (others)
  An orc priest (Orc:1)
  3 kobolds (D:2)
  5 bushes (D:5)
  A fungus (Lair:5)
  12 plants
  6 slimeheads (D:2)
  139 withered plants (D:2)
167 creatures vanquished.

Grand Total: 945 creatures vanquished

Notes
Turn   | Place    | Note
-------+----------+-------------------------------------------
     0 | D:1      | st0uf the Immature Draconian Demonspawn began the quest for
                  | the Orb.
     0 | D:1      | Reached XP level 1. HP: 16/16 MP: 3/3
    54 | D:1      | Gained mutation: You regenerate a little health from kills.
                  | [demonic ancestry]
    54 | D:1      | Reached XP level 2. HP: 22/23 MP: 4/4
   307 | D:1      | Reached skill level 2 in Unarmed Combat
   307 | D:1      | Gained mutation: You have large cloven feet. [demonic
                  | ancestry]
   307 | D:1      | Reached XP level 3. HP: 28/28 MP: 5/5
   735 | D:2      | Gained mutation: You are partially covered in rugged brown
                  | scales. (AC +1, +3% HP) [demonic ancestry]
   735 | D:2      | Reached XP level 4. HP: 28/36 MP: 6/6
   757 | D:2      | Reached skill level 3 in Unarmed Combat
   798 | D:2      | Reached XP level 5. HP: 41/41 MP: 7/7
   960 | D:2      | Noticed a water moccasin
   970 | D:2      | Killed a water moccasin
   970 | D:2      | Reached skill level 4 in Unarmed Combat
   970 | D:2      | Reached XP level 6. HP: 34/48 MP: 8/8
  1112 | D:2      | Reached skill level 5 in Unarmed Combat
  1171 | D:2      | Your scales start taking on a rich purple colour.
  1171 | D:2      | Reached XP level 7. HP: 53/53 MP: 9/9
  1171 | D:2      | Gained mutation: You are partially covered in sharp spines.
                  | [demonic ancestry]
  1171 | D:2      | Gained mutation: Your rich purple scales protect you from
                  | hostile magic. (MR++) [Purple Draconian growth]
  1171 | D:2      | Gained mutation: You are strongly in touch with the powers
                  | of hexes. [Purple Draconian growth]
  1191 | D:2      | Reached skill level 6 in Unarmed Combat
  1580 | D:2      | Found Ycuoxzano's Magic Scroll Emporium.
  1596 | D:2      | Found a faded altar of an unknown god.
  1626 | D:2      | Reached skill level 7 in Unarmed Combat
  1626 | D:2      | Reached XP level 8. HP: 51/60 MP: 10/10
  2504 | D:3      | Noticed Prince Ribbit
  2534 | D:3      | Noticed Blork the orc
  2541 | D:3      | Killed Blork the orc
  2544 | D:3      | Reached skill level 8 in Unarmed Combat
  2552 | D:3      | Identified a scroll of acquirement
  2669 | D:3      | Found a shadowy altar of Dithmenos.
  2703 | D:3      | Killed Prince Ribbit
  2779 | D:3      | Found Noagir's Magic Scroll Boutique.
  2994 | D:4      | Reached skill level 9 in Unarmed Combat
  3041 | D:4      | Learned a level 2 spell: Slow
  3114 | D:4      | Reached XP level 9. HP: 67/67 MP: 11/11
  3123 | D:4      | Noticed Harold
  3130 | D:4      | Killed Harold
  3206 | D:4      | Reached skill level 10 in Unarmed Combat
  3233 | D:4      | Found a staircase to the Ecumenical Temple.
  3249 | Temple   | Entered the Ecumenical Temple
  3524 | Temple   | Became a worshipper of Warmaster Okawaru
  3682 | D:4      | Found Soba's Assorted Antiques.
  3870 | D:4      | Reached * piety under Okawaru
  3877 | D:4      | Received a gift from Okawaru
  3877 | D:4      | Gained mutation: You are naturally skilled at Maces &
                  | Staves (Aptitude +3). [draconic bloodline]
  3877 | D:4      | Gained mutation: You are mostly covered in rugged brown
                  | scales. (AC +2, +5% HP) [demonic ancestry]
  3877 | D:4      | Reached XP level 10. HP: 34/77 MP: 15/15
  4013 | D:4      | Noticed a three-headed hydra
  4017 | D:4      | Killed a two-headed hydra
  4017 | D:4      | Reached ** piety under Okawaru
  4102 | D:4      | Noticed Joseph
  4108 | D:4      | Killed Joseph
  4108 | D:4      | Reached skill level 11 in Unarmed Combat
  4194 | D:5      | Entered Level 5 of the Dungeon
  4273 | D:5      | Identified the +2 pair of gloves "Suenotav" {+Vis} (Okawaru
                  | gifted it to you on level 5 of the Dungeon)
  4273 | D:5      | Received a gift from Okawaru
  4276 | D:5      | Reached *** piety under Okawaru
  4277 | D:5      | Reached skill level 5 in Invocations
  4319 | D:5      | Reached skill level 5 in Hexes
  4349 | D:5      | Reached **** piety under Okawaru
  4349 | D:5      | Reached skill level 5 in Spellcasting
  4349 | D:5      | Reached XP level 11. HP: 88/88 MP: 18/18
  4411 | D:5      | Found a shattered altar of Ashenzari.
  4467 | D:5      | Found a shimmering blue altar of Sif Muna.
  4519 | D:5      | Found an opulent altar of Gozag.
  4520 | D:5      | Found a sparkling altar of Nemelex Xobeh.
  4553 | D:5      | Found a blossoming altar of Fedhas.
  4601 | D:5      | Found a glowing silver altar of Zin.
  4730 | D:5      | Found a staircase to the Lair.
  5122 | D:6      | Reached skill level 5 in Dodging
  5128 | D:6      | Found a shimmering altar of Xom.
  5198 | D:6      | Noticed an ogre mage
  5205 | D:6      | Killed an ogre mage
  5205 | D:6      | Reached ***** piety under Okawaru
  5322 | D:6      | Noticed a two-headed ogre
  5329 | D:6      | Killed a two-headed ogre
  5421 | D:6      | Identified the +2 helmet of Melancholy {+Inv Int+3}
  5426 | D:6      | Received a gift from Okawaru
  5434 | D:6      | Reached skill level 5 in Fighting
  5434 | D:6      | Reached skill level 12 in Unarmed Combat
  5678 | D:6      | Found a roughly hewn altar of Beogh.
  5678 | D:6      | Found a staircase to the Orcish Mines.
  5777 | D:6      | Noticed a two-headed ogre
  5781 | D:6      | Killed a two-headed ogre
  5981 | D:6      | Noticed a tengu warrior
  5988 | D:6      | Killed a tengu warrior
  5988 | D:6      | Received a gift from Okawaru
  5988 | D:6      | Reached ****** piety under Okawaru
  6162 | Lair:1   | Entered Level 1 of the Lair of Beasts
  6389 | Lair:1   | Gained mutation: You are naturally skilled at Shields
                  | (Aptitude +3). [draconic bloodline]
  6389 | Lair:1   | Gained mutation: You have hoof-like feet. [demonic
                  | ancestry]
  6389 | Lair:1   | Reached XP level 12. HP: 99/99 MP: 21/21
  6950 | Lair:2   | Noticed a boulder beetle
  6961 | Lair:2   | Killed a boulder beetle
  6961 | Lair:2   | Received a gift from Okawaru
  7163 | Lair:2   | Reached skill level 13 in Unarmed Combat
  7223 | Lair:2   | Found a hole to the Spider Nest.
  7352 | Lair:2   | Identified the +1 hat "Muingaorr" {rF+} (Okawaru gifted it
                  | to you on level 2 of the Lair of Beasts)
  7352 | Lair:2   | Received a gift from Okawaru
  7503 | Lair:2   | Found a staircase to the Shoals.
  7708 | Lair:3   | Gained mutation: You are strongly in touch with the powers
                  | of hexes. [Purple Draconian growth]
  7708 | Lair:3   | Reached XP level 13. HP: 117/117 MP: 24/24
  8063 | Lair:3   | Identified the +1 buckler "Kateg" {rF+}
  8368 | Lair:4   | Reached skill level 14 in Unarmed Combat
  8654 | Lair:4   | Identified the +2 cloak "Vorur" {rC+ rN+} (Okawaru gifted
                  | it to you on level 4 of the Lair of Beasts)
  8654 | Lair:4   | Received a gift from Okawaru
  8769 | Lair:4   | Learned a level 5 spell: Silence
  8912 | Lair:5   | Reached skill level 10 in Invocations
  8915 | Lair:5   | Reached skill level 1 in Air Magic
  9479 | Lair:5   | Identified the cursed +9 great sword of Purpose {freeze,
                  | Int+5, (Curse: rF-)}
  9628 | Lair:6   | Entered Level 6 of the Lair of Beasts
  9656 | Lair:6   | Found a viscous altar of Jiyva.
  9656 | Lair:6   | Found a staircase to the Slime Pits.
  9887 | Lair:6   | Gained mutation: You are naturally skilled at Slings
                  | (Aptitude +3). [draconic bloodline]
  9887 | Lair:6   | Gained mutation: You are cold resistant. (rC+) [demonic
                  | ancestry]
  9887 | Lair:6   | Reached XP level 14. HP: 97/124 MP: 26/26
 10040 | Lair:6   | Reached skill level 15 in Unarmed Combat
 10242 | Lair:6   | Received a gift from Okawaru
 10737 | Lair:6   | Received a gift from Okawaru
 11017 | D:7      | Noticed Sonja
 11019 | D:7      | Killed Sonja
 11117 | D:7      | Found Fyem's Assorted Antiques.
 11132 | D:7      | Reached skill level 10 in Hexes
 11185 | D:7      | Noticed Agnes
 11190 | D:7      | Killed Agnes
 11190 | D:7      | Reached skill level 1 in Shields
 11219 | D:7      | Found Igroo's Gadget Shop.
 11578 | D:7      | Found Dessaiph's Assorted Antiques.
 11580 | D:7      | Received a gift from Okawaru
 11688 | D:7      | Found a gate to the Vaults.
 11858 | D:7      | Noticed a tengu reaver
 11866 | D:7      | Killed a tengu reaver
 11962 | D:7      | Found a bloodstained altar of Trog.
 11965 | D:7      | Found a blossoming altar of Fedhas.
 11970 | D:7      | Found an ornate altar of Bahamut and Tiamat.
 12037 | D:8      | Entered Level 8 of the Dungeon
 12090 | D:8      | Identified the +5 flail of the Thirteen Demons {crush, rN+
                  | Stlth+}
 12118 | D:8      | Gained mutation: You are naturally adept at Maces & Staves
                  | (Aptitude +5). [draconic bloodline]
 12118 | D:8      | Gained mutation: You are immune to freezing clouds.
                  | [demonic ancestry]
 12118 | D:8      | Reached XP level 15. HP: 125/132 MP: 28/28
 12301 | D:8      | Identified Roxanne's Reference Book on the Arsonist
 12301 | D:8      | Noticed Roxanne
 12306 | D:8      | Received a gift from Okawaru
 12326 | D:8      | Killed Roxanne
 12335 | D:8      | Learned a level 3 spell: Snakes to Sticks
 12381 | D:8      | Found a staircase to the Depths.
 12399 | D:8      | Reached skill level 10 in Fighting
 12444 | D:8      | Found a radiant altar of Vehumet.
 12444 | D:8      | Found a glowing golden altar of the Shining One.
 12848 | D:8      | Reached skill level 1 in Transmutations
 12994 | Orc:1    | Entered Level 1 of the Orcish Mines
 12994 | Orc:1    | Noticed Gastronok
 13043 | Orc:1    | Received a gift from Okawaru
 13090 | Orc:1    | Found a roughly hewn altar of Beogh.
 13154 | Orc:1    | Killed Gastronok
 13468 | Orc:1    | Found Dimy's Antique Weapon Shoppe.
 13576 | Orc:2    | Entered Level 2 of the Orcish Mines
 13821 | Orc:2    | Found Onaeker's Antique Armour Emporium.
 13835 | Orc:2    | Bought a runed buckler for 150 gold pieces
 13951 | Orc:2    | Reached skill level 10 in Spellcasting
 14075 | Orc:2    | Received a gift from Okawaru
 14116 | Orc:2    | Found a roughly hewn altar of Beogh.
 14116 | Orc:2    | Identified the cursed ring of Bemuv {rPois rC++ Dex-4 +Vis
                  | Stlth-, (Curse: Slay-3)}
 14169 | Orc:2    | HP: 6/132 [orc priest/divine providence (15)]
 14169 | Orc:2    | Killed from afar by an orc priest

Levels and vault maps discovered:
D:1:      dpeg_arrival_boxorama, layout_basic, supply_closet_lemuel,
          minmay_pentomino_v4
D:2:      layout_sewer, serial_shops, shop, chequers_ecumenical_altar_grove
D:3:      layout_loops_cross, lemuel_round_altar, first_ration, serial_shops,
          nicolae_shop_stone, uniq_prince_ribbit1, uniq_blork_the_orc
D:4:      layout_roguey, minmay_temple_entry_proselytizer, serial_shops,
          nicolae_shop_stone, hangedman_ranch [blue_anna_fruit_fields],
          uniq_joseph, uniq_harold
D:5:      ossuary_tomb_3, layout_long_grid, grunt_temple_overflow_opulence,
          old_standard_altar, overflow_temple_1_default, david_lair_generic,
          basic_altar, lightli_ossuary_entry_decrepit_ruins,
          fedhas_altar_decomposition
D:6:      layout_loops_cross, xom_butterflies, david_orc_5
D:7:      layout_loops_ring, grunt_temple_overflow_diamond,
          ximxim_vaults_locker_room, serial_shops, shop_fountains,
          nicolae_shop_behind_doors, nicolae_shop_overgrown_old_shop,
          kennysheep_just_a_vault, uniq_sonja, uniq_agnes
D:8:      gammafunk_depths_entry_grave, layout_irregular_city,
          amethyst_overflow_temple_binary, minmay_crystal_water, uniq_roxanne
Temple:   minmay_temple_forest_path
Lair:1:   layout_hall_layers
Lair:2:   layout_loops_ring, shoals_dummy_entry,
          nicolae_spider_entry_orb_guardian, grunt_forest_stairs_basic
Lair:3:   layout_gridlike, disabler_island
Lair:4:   layout_cave_shapes, lemuel_fruit_tree
Lair:5:   statuecave_lemuel, layout_gridlike, serial_bayou_shore_b,
          serial_bayou_shore_b
Lair:6:   hangedman_lair_in_review, layout_small_grid, slime_altar_1
Orc:1:    layout_diamond_mine, serial_shops, shop, basic_altar, uniq_gastronok
Orc:2:    pubby_orc_utopia, serial_shops

Skill      XL: |  1  2  3  4  5  6  7  8  9 10 11 12 13 14 15 |
---------------+----------------------------------------------+-----
Dodging        | 3 4 5 6 7 |  7.0
Unarmed Combat | 2 3 4 5 7 9 10 11 12 13 14 15 | 15.5
Stealth        | 2 |  2.0
Spellcasting   | 3 5 6 7 8 9 10 | 10.1
Hexes          | 3 5 6 7 9 10 11 | 11.5
Fighting       | 2 4 5 9 10 | 10.2
Invocations    | 5 7 8 10 11 | 11.2
Air Magic      | 1 3 4 |  4.0
Shields        | 3 4 |  4.8
Transmutations | 2 |  2.1
Fire Magic     | |  1.5

Action                   |  1- 3 |  4- 6 |  7- 9 | 10-12 | 13-15 || total
-------------------------+-------+-------+-------+-------+-------++-------
Melee: Unarmed           |   100 |   253 |   397 |   637 |  1069 ||  2456
       Tailslap          |     2 |    11 |    15 |    42 |    75 ||   145
       Kick              |     4 |    26 |    29 |    81 |   170 ||   310
       Cleaver           |       |       |       |     2 |       ||     2
 Cast: Snakes to Sticks  |       |       |       |       |     3 ||     3
Invok: Heroism           |       |       |       |     1 |     1 ||     2
 Abil: Breathe Dispellin |       |       |     3 |       |       ||     3
 Stab: Sleeping          |     2 |       |     4 |     2 |     5 ||    13
       Distracted        |       |       |     1 |       |       ||     1
  Eat: Chunk             |       |     1 |    10 |    12 |    20 ||    43
       Ration            |       |       |       |     1 |       ||     1
Armor: Skin              |    13 |    16 |    22 |    85 |   116 ||   252
Dodge: Dodged            |    22 |    64 |    66 |   191 |   385 ||   728
